Map: Romanticide LE

Players

ShoWTimE

  • Race: Protoss Protoss

Harstem - Winner!

  • Race: Protoss Protoss

Event: DreamHack SC2 Masters 2021 Winter

VOD

Have the link to the VOD?

Description

Time

  • Played on: Oct. 5, 2021, 12:07 p.m.
  • Length: 14:58

All games in this series

Show
View Real Time Build Order
Export as new Build Order

ShoWTimE Protoss 

Build Orders: Oracle Opening, Phoenix Opening 

Get SALT Encoding   

  12  0:00  Probe  
  13  0:12  Probe  
  14  0:17  Pylon  
  14  0:24  Probe (Chrono Boost)  
  15  0:36  Gateway, Probe (Chrono Boost)  
  16  0:44  Probe (Chrono Boost)  
  16  0:49  Assimilator  
  17  0:51  Probe  
  18  1:03  Probe (Chrono Boost)  
  19  1:04  Assimilator  
  19  1:09  Gateway  
  19  1:13  Probe (Chrono Boost)  
  20  1:18  Probe (Chrono Boost)  
  20  1:25  Cybernetics Core  
  21  1:29  Probe  
  22  1:36  Pylon  
  22  1:41  Probe  
  24  1:54  Probe  
  24  2:01  Adept x2, Warp Gate  
  28  2:06  Probe  
  29  2:11  Pylon  
  29  2:27  Stargate  
  33  2:37  Stalker  
  33  2:38  Stalker  
  32  3:03  Nexus  
  32  3:07  Probe  
  33  3:14  Oracle (Chrono Boost)  
  36  3:20  Probe  
  36  3:25  Pylon  
  37  3:32  Probe  
  38  3:45  Probe  
  42  3:55  Phoenix (Chrono Boost)  
  42  3:57  Probe  
  40  4:03  Stalker  
  40  4:04  Stalker  
  45  4:12  Probe (Chrono Boost)  
  45  4:15  Probe (Chrono Boost)  
  45  4:16  Twilight Council  
  45  4:26  Probe (Chrono Boost)  
  45  4:27  Probe (Chrono Boost)  
  45  4:31  Stalker  
  48  4:34  Probe  
  48  4:35  Probe  
  50  4:44  Blink (Chrono Boost)  
  50  4:46  Probe  
  50  4:48  Probe  
  52  4:56  Gateway  
  52  4:58  Probe  
  53  5:00  Probe  
  53  5:04  Forge  
  53  5:06  Shield Battery  
  54  5:08  Sentry  
  54  5:10  Probe  
  54  5:12  Assimilator, Probe  
  58  5:16  Pylon  
  58  5:19  Stalker  
  60  5:22  Probe  
  61  5:31  Pylon  
  61  5:36  Nexus  
  61  5:38  Probe  
  61  5:39  Probe  
  61  5:40  Protoss Ground Weapons Level 1 (Chrono Boost)  
  63  5:47  Pylon  
  63  5:53  Stalker  
  63  5:56  Stalker  
  67  6:02  Stalker  
  67  6:03  Probe  
  70  6:04  Probe  
  69  6:15  Probe  
  69  6:16  Probe  
  71  6:19  Robotics Facility  
  71  6:21  Shield Battery  
  71  6:27  Probe  
  71  6:28  Probe  
  71  6:30  Gateway  
  71  6:31  Gateway  
  73  6:33  Adept  
  73  6:35  Stalker  
  73  6:39  Probe  
  78  6:40  Probe  
  78  6:46  Stalker  
  81  6:48  Probe  
  81  6:50  Charge  
  81  6:51  Probe  
  81  6:52  Probe  
  83  7:00  Probe  
  82  7:04  Probe (Chrono Boost)  
  82  7:05  Gateway, Probe (Chrono Boost)  
  82  7:06  Phoenix  
  84  7:14  Assimilator  
  84  7:15  Assimilator  
  81  7:16  Observer, Probe x2 (Chrono Boost)  
  81  7:17  Probe (Chrono Boost)  
  81  7:19  Sentry  
  81  7:21  Pylon  
  86  7:24  Gateway, Probe (Chrono Boost)  
  86  7:25  Probe (Chrono Boost)  
  86  7:27  Probe (Chrono Boost)  
  86  7:28  Gateway  
  89  7:30  Probe  
  89  7:31  Probe  
  89  7:32  Assimilator  
  89  7:36  Probe, Protoss Ground Weapons Level 2 (Chrono Boost)  
  92  7:39  Pylon  
  92  7:42  Observer, Probe  
  92  7:43  Probe  
  95  7:48  Probe  
  95  7:49  Templar Archives  
  95  7:50  Pylon  
  96  7:53  Zealot x3  
  102  8:00  Zealot x2  
  102  8:01  Phoenix  
  102  8:02  Probe  
  102  8:04  Pylon  
  102  8:05  Pylon  
  107  8:07  Immortal (Chrono Boost)  
  111  8:21  Nexus  
  111  8:24  Shield Battery  
  108  8:34  Stalker x2  
  108  8:35  Zealot x3  
  108  8:40  Pylon  
  118  8:42  High Templar x2  
  118  8:46  Phoenix (Chrono Boost), Archon  
  124  8:49  Warp Prism  
  124  8:53  High Templar  
  128  8:55  Pylon  
  128  8:56  High Templar  
  128  9:00  Archon  
  128  9:02  Phoenix (Chrono Boost)  
  130  9:03  Zealot  
  130  9:04  Zealot  
  130  9:07  Stargate  
  136  9:13  Probe x3  
  136  9:16  Phoenix (Chrono Boost)  
  139  9:25  Immortal  
  139  9:30  Stalker x4  
  150  9:34  Pylon  
  150  9:36  High Templar x2  
  150  9:38  Probe x2  
  156  9:40  Archon  
  156  9:41  Phoenix (Chrono Boost)  
  158  9:47  Zealot x2, Protoss Ground Weapons Level 3 (Chrono Boost)  
  162  9:54  Zealot x2  
  162  9:58  Phoenix (Chrono Boost)  
  162  10:13  Phoenix (Chrono Boost)  
  160  10:17  Zealot x7  
  160  10:21  Phoenix (Chrono Boost)  
  166  10:24  Photon Cannon  
  168  10:29  Probe x2  
  168  10:31  Phoenix (Chrono Boost)  
  168  10:33  Pylon  
  172  10:36  Robotics Facility, Robotics Bay  
  172  10:42  Observer, Zealot x4  
  180  10:45  Photon Cannon  
  180  10:52  Pylon  
  180  11:05  Assimilator  
  180  11:06  Photon Cannon, Assimilator  
  180  11:07  Photon Cannon  
  180  11:09  Robotics Facility  
  180  11:12  Zealot x3  
  180  11:16  Probe x3  
  180  11:18  Pylon  
  189  11:24  Disruptor (Chrono Boost)  
  189  11:31  Pylon  
  195  11:34  Disruptor (Chrono Boost)  
  195  11:40  Phoenix  
  195  11:44  Photon Cannon  
  195  11:47  Photon Cannon  
  195  11:50  Photon Cannon  
  195  11:52  Photon Cannon  
  195  11:53  Fleet Beacon  
  195  11:54  Photon Cannon, Stargate  
  195  11:55  Stargate  
  195  11:56  Disruptor  
  195  12:00  Protoss Air Weapons Level 1 (Chrono Boost)  
  198  12:07  Zealot  
  200  12:08  Nexus  
  200  12:09  Gravitic Boosters (Chrono Boost)  
  200  12:11  Pylon  
  198  12:32  Zealot x3  
  198  12:33  Zealot  
  196  12:41  Photon Cannon  
  196  12:42  Photon Cannon  
  196  12:44  Photon Cannon  
  178  12:45  Photon Cannon  
  178  12:46  Shield Battery  
  178  12:47  Stalker x2  
  178  12:48  Stalker x2  
  173  12:51  Observer (Chrono Boost)  
  156  12:58  Stalker x2  
  156  12:59  Stalker x2  
  154  13:07  Observer  
  154  13:11  Stalker x3  
  160  13:27  Stalker x2  
  143  14:22  Nexus  
Show
View Real Time Build Order
Export as new Build Order

Harstem Protoss - Winner!

Build Orders: Oracle Opening 

Get SALT Encoding   

  12  0:00  Probe  
  13  0:12  Probe  
  14  0:18  Pylon  
  14  0:24  Probe  
  15  0:36  Probe (Chrono Boost)  
  15  0:37  Gateway  
  16  0:47  Assimilator, Probe (Chrono Boost)  
  17  0:52  Probe (Chrono Boost)  
  17  0:55  Assimilator  
  18  1:03  Probe (Chrono Boost)  
  19  1:11  Gateway  
  19  1:13  Probe (Chrono Boost)  
  19  1:18  Probe (Chrono Boost)  
  21  1:27  Cybernetics Core  
  21  1:29  Probe  
  22  1:36  Pylon  
  22  1:41  Probe  
  23  1:54  Probe  
  24  2:03  Stalker x2, Warp Gate  
  28  2:13  Pylon  
  29  2:21  Shield Battery  
  28  2:26  Pylon  
  28  2:40  Stargate  
  28  2:50  Nexus  
  28  2:52  Probe  
  29  3:05  Shield Battery  
  29  3:13  Probe  
  29  3:20  Shield Battery  
  29  3:21  Oracle (Chrono Boost)  
  29  3:25  Probe  
  33  3:29  Twilight Council  
  33  3:35  Shield Battery  
  33  3:38  Probe  
  34  3:42  Shield Battery  
  32  3:53  Stalker  
  34  4:02  Probe x2 (Chrono Boost)  
  36  4:07  Blink (Chrono Boost)  
  36  4:14  Probe x2 (Chrono Boost)  
  38  4:20  Stalker  
  38  4:21  Probe x2 (Chrono Boost)  
  42  4:27  Stalker  
  42  4:28  Probe  
  45  4:31  Probe  
  46  4:40  Probe  
  46  4:42  Forge  
  46  4:43  Probe  
  48  4:50  Stalker  
  48  4:52  Probe  
  48  4:58  Probe, Pylon  
  49  5:02  Stalker  
  49  5:04  Probe  
  52  5:12  Probe  
  53  5:17  Nexus, Protoss Ground Weapons Level 1 (Chrono Boost)  
  53  5:22  Probe  
  53  5:26  Stalker  
  56  5:31  Stalker  
  56  5:32  Probe  
  59  5:36  Probe  
  59  5:38  Pylon  
  59  5:40  Assimilator  
  60  5:47  Robotics Facility, Pylon  
  61  5:54  Pylon  
  61  5:56  Probe  
  61  5:59  Stalker, Probe, Sentry  
  66  6:08  Probe  
  66  6:11  Probe  
  68  6:12  Pylon  
  68  6:15  Gateway  
  68  6:16  Gateway  
  68  6:21  Probe  
  66  6:27  Probe (Chrono Boost)  
  66  6:30  Adept x2  
  66  6:32  Probe (Chrono Boost)  
  72  6:33  Probe (Chrono Boost)  
  72  6:36  Observer  
  72  6:39  Probe (Chrono Boost)  
  75  6:43  Probe x2 (Chrono Boost)  
  75  6:45  Probe (Chrono Boost)  
  78  6:48  Probe (Chrono Boost)  
  78  6:51  Gateway  
  78  6:53  Gateway, Robotics Bay  
  78  6:54  Probe  
  79  6:55  Probe  
  79  6:59  Probe  
  79  7:00  Shield Battery  
  78  7:03  Observer  
  78  7:06  Assimilator  
  78  7:08  Probe (Chrono Boost)  
  80  7:09  Stalker  
  80  7:10  Stalker  
  80  7:12  Probe (Chrono Boost)  
  80  7:13  Phoenix  
  83  7:17  Probe (Chrono Boost), Pylon  
  83  7:22  Assimilator  
  84  7:24  Observer  
  84  7:25  Pylon  
  84  7:27  Assimilator, Probe x2 (Chrono Boost)  
  84  7:28  Probe (Chrono Boost)  
  87  7:30  Protoss Ground Weapons Level 2 (Chrono Boost)  
  87  7:32  Pylon  
  87  7:40  Stalker  
  87  7:43  Stalker, Probe x2 (Chrono Boost)  
  87  7:44  Stalker  
  95  7:45  Probe (Chrono Boost)  
  96  7:51  Gateway  
  96  7:55  Disruptor  
  96  7:56  Pylon  
  99  8:05  Probe  
  100  8:06  Probe  
  100  8:08  Robotics Facility  
  100  8:12  Photon Cannon  
  101  8:16  Probe  
  101  8:18  Photon Cannon  
  102  8:20  Stalker x2  
  106  8:30  Disruptor (Chrono Boost)  
  109  8:39  Nexus  
  109  8:40  Pylon  
  109  8:41  Probe  
  109  8:44  Probe, Dark Shrine  
  111  8:54  Probe  
  111  8:55  Disruptor (Chrono Boost)  
  112  8:57  Stalker x2  
  112  8:58  Disruptor (Chrono Boost)  
  112  9:00  Shield Battery  
  122  9:05  Photon Cannon  
  122  9:08  Pylon  
  122  9:09  Probe  
  123  9:10  Observer  
  123  9:20  Probe  
  123  9:21  Disruptor (Chrono Boost)  
  127  9:27  Photon Cannon  
  127  9:28  Disruptor (Chrono Boost)  
  128  9:33  Observer  
  128  9:36  Stalker x3  
  134  9:40  Assimilator  
  134  9:46  Pylon  
  134  9:50  Gateway  
  134  9:52  Gateway  
  134  9:57  Disruptor (Chrono Boost)  
  134  9:59  Assimilator  
  137  10:00  Disruptor (Chrono Boost)  
  140  10:13  Protoss Ground Weapons Level 3 (Chrono Boost)  
  135  10:15  Stalker  
  135  10:16  Zealot x6  
  135  10:17  Probe  
  135  10:20  Photon Cannon  
  147  10:26  Shadow Stride (Chrono Boost)  
  147  10:29  Disruptor (Chrono Boost)  
  147  10:31  Charge (Chrono Boost)  
  147  10:33  Disruptor (Chrono Boost)  
  153  10:42  Dark Templar x2  
  151  10:43  Dark Templar  
  151  10:46  Probe x2  
  151  10:47  Probe  
  158  10:55  Disruptor (Chrono Boost)  
  156  10:57  Nexus  
  156  10:59  Stalker  
  161  11:09  Stalker x4  
  167  11:12  Pylon  
  166  11:38  Dark Templar  
  166  11:39  Dark Templar x5  
  174  11:41  Probe  
  174  11:43  Photon Cannon  
  174  11:45  Photon Cannon  
  171  11:48  Stargate  
  171  11:52  Zealot x2  
  175  11:58  Probe  
  175  11:59  Nexus  
  175  12:01  Pylon  
  176  12:03  Unknown  
  174  12:09  Dark Templar  
  174  12:14  Disruptor (Chrono Boost)  
  178  12:16  Disruptor (Chrono Boost)  
  168  12:34  Zealot, Dark Templar x2  
  148  12:49  Photon Cannon  
  148  12:51  Photon Cannon  
  143  13:03  Probe  
  143  13:05  Photon Cannon  
  135  13:07  Photon Cannon  
  135  13:09  Photon Cannon  
  118  13:16  Dark Templar  
  118  13:17  Dark Templar x3  
  118  13:18  Photon Cannon  
  111  13:23  Photon Cannon  
  111  13:24  Photon Cannon  
  107  13:28  Pylon x2  
  107  13:31  Pylon  
  107  13:32  Pylon  
  106  13:46  Probe  
  107  13:55  Stalker x2  
  107  13:56  Stalker  
  107  13:57  Archon x2  
  107  14:01  Nexus  
  111  14:06  Probe x2 (Chrono Boost)  
  107  14:16  Templar Archives  
  105  14:18  Probe (Chrono Boost)  
  105  14:20  Probe (Chrono Boost)  
  78  14:47  Zealot x3  

Tags
 
Add a new tag
Caveats
  • Supply blocks, unpowered buildings, or Contaminate may cause inaccurate times.
  • Supply counts are checked every 10 seconds.